 Dungeon Crawl Stone Soup version 0.20-a0-537-g052e6ba (webtiles) character file.

88 volk64 the Covered (level 4, -2/37 HPs)
             Began as a Barachian Fighter on Jan 27, 2017.
             Killed by nerve-wracking pain
             ... invoked by a shadow imp
             ... summoned by Natasha
              (12 damage)
             ... on level 2 of the Dungeon.
             The game lasted 00:07:06 (1513 turns).

volk64 the Covered (Barachian Fighter)              Turns: 1513, Time: 00:07:08

Health: -2/37      AC:  7    Str: 12 (15) XL:     4   Next: 53%
Magic:  4/4        EV:  8    Int:  3 (6)  God:
Gold:   142        SH:  8    Dex:  7 (10) Spells: 3/3 levels left

rFire    . . .     SeeInvis .   s - +1 hand axe (freeze)
rCold    . . .     Gourm    .   b - +0 scale mail
rNeg     . . .     Faith    .   c - +0 shield
rPois    .         Spirit   .   (no helmet)
rElec    .         Reflect  .   (no cloak)
rCorr    .         Harm     .   (no gloves)
MR       .....                  (no boots)
Stlth    ..........             (no amulet)
Regen    0.2/turn               (no ring)
                                j - +2 ring of evasion

@: slowed, very slow
A: swims, slowness 1, strong legs 1
a: Hop


You were on level 2 of the Dungeon.
You were not hungry.

You visited 1 branch of the dungeon, and saw 2 of its levels.

You collected 142 gold pieces.

Inventory:

Hand Weapons
 a - a +0 long sword
 s - a +1 hand axe of freezing (weapon)
Missiles
 k - 2 curare-tipped needles (quivered)
Armour
 b - a +0 scale mail (worn)
 c - a +0 shield (worn)
Jewellery
 j - a +2 ring of evasion (left hand)
Scrolls
 e - 2 scrolls of identify
 g - a scroll of remove curse
 i - a scroll of noise {unknown}
 l - a scroll of fear
 m - 2 scrolls of amnesia {unknown}
Potions
 d - 2 potions of might
 n - a potion of ambrosia
 o - a potion of degeneration
 q - a potion of flight {unknown}
Comestibles
 f - 2 bread rations
 h - a chunk of flesh
 p - 3 meat rations
 r - a royal jelly


   Skills:
 + Level 3.7 Fighting
 + Level 3.2 Long Blades
 + Level 0.2 Axes
 + Level 3.8 Armour
 + Level 0.6 Dodging
 + Level 0.2 Stealth
 + Level 3.7 Shields


You had 3 spell levels left.
You didn't know any spells.

Dungeon Overview and Level Annotations

Branches:
Dungeon (2/15)

Altars:

Annotations:
D:2 Natasha


Innate Abilities, Weirdness & Mutations

You can swim through water.
You cover ground slowly.
You can hop short distances.


Message History

You closely miss the shadow imp.
The shadow imp is moderately wounded.
You miss Natasha. Natasha claws you. The shadow imp hits you.
Natasha claws you but does no damage.
The shadow imp hits you but does no damage.
Natasha claws you!
* * * LOW HITPOINT WARNING * * *
Your shield and scale mail prevent you from hitting Natasha.
Your shield prevents you from hitting the shadow imp.
You block the shadow imp's attack. Natasha claws you.
* * * LOW HITPOINT WARNING * * *
The shadow imp hits you but does no damage.
Natasha closely misses you.
You hit Natasha. You freeze Natasha.
Natasha is moderately wounded.
You hit the shadow imp. The shadow imp barely misses you.
Natasha closely misses you. The shadow imp gestures at you.
Pain shoots through your body!
You die...

.........................#.......
...................##.......###..
.........####......##.......# #..
.........*###......##.......# #..
...<.....,,........##.....### #..
.........#**#......##.....#####..
...........##.............##.....
...............5h.........##.....
................@..........#.....
..............#..................
.).........#####.+#######+.......
...).............#,,,*,,,#.......
.................#,,,*,,,#.......
......#..........#,,,,,,,#.......
......#..........#**,_,**#.......
......#..........#,,,,,,,#.......
.....##..........#,,,*,,,#.......


You could see Natasha and a shadow imp.

Vanquished Creatures
  Natasha (D:2)
  2 adders (D:2)
  A dart slug (D:1)
  2 leopard geckos (D:1)
  2 giant cockroaches (D:1)
  5 goblins
  6 hobgoblins
  7 kobolds
  6 bats
  4 frilled lizards
  7 rats
43 creatures vanquished.

Notes
Turn   | Place    | Note
-------+----------+-------------------------------------------
     0 | D:1      | volk64 the Barachian Fighter began the quest for the Orb.
     0 | D:1      | Reached XP level 1. HP: 18/18 MP: 1/1
    74 | D:1      | Reached XP level 2. HP: 21/24 MP: 2/2
   471 | D:1      | Reached XP level 3. HP: 25/29 MP: 3/3
   975 | D:2      | Noticed Natasha
   983 | D:2      | Reached XP level 4. HP: 8/37 MP: 4/4
   984 | D:2      | Killed Natasha
  1503 | D:2      | Noticed Natasha
  1513 | D:2      | Killed from afar by a shadow imp

Vault maps used:
D:1:      grunt_arrival_lava_bath, minmay_strange_pillars, st_stairs_7
D:2:      nicolae_ru_great_annihilating_truth, uniq_natasha

Skill      XL: |  1  2  3 |
---------------+----------+-----
Long Blades    | 3 |  3.2
Fighting       | |  3.7
Axes           | |  0.2
Armour         | |  3.8
Dodging        | |  0.6
Stealth        | |  0.2
Shields        | |  3.7

Action                   |  1- 3 |  4- 6 || total
-------------------------+-------+-------++-------
Melee: Long sword        |    81 |       ||    81
       Hand axe          |    26 |    32 ||    58
 Abil: Hop               |     3 |       ||     3
  Use: Scroll            |     8 |       ||     8
       Potion            |       |     2 ||     2
  Eat: Chunk             |     1 |     2 ||     3
Armor: Scale mail        |    51 |    14 ||    65
Dodge: Dodged            |    38 |    15 ||    53
Block: Shield            |    78 |    20 ||    98
       Rpst.: Long sword |    10 |       ||    10
